Map: Frozen Temple

Players

llllllllllll

  • Race: Zerg Zerg
  • League: Grandmaster

oliM - Winner!

  • Race: Protoss Protoss
  • League: Grandmaster

VOD

Have the link to the VOD?

Description

Time

  • Played on: April 20, 2016, 1:21 a.m.
  • Length: 23:44
Show
View Real Time Build Order
Export as new Build Order

llllllllllll Zerg 

Build Orders: Pool First 

Get SALT Encoding   

  12  0:20  Spawning Pool  
  11  0:21  Drone  
  11  0:26  Drone  
  13  0:30  Drone  
  14  0:41  Overlord  
  14  0:53  Extractor  
  13  1:06  Zergling x6  
  13  1:07  Queen  
  18  1:19  Zergling x2  
  19  1:29  Drone  
  20  1:37  Roach Warren  
  19  1:43  Overlord  
  19  1:55  Burrow  
  19  2:19  Roach x2  
  25  2:23  Overlord, Roach  
  25  2:32  Roach  
  26  2:43  Roach  
  28  2:48  Drone  
  28  2:51  Roach  
  31  3:03  Roach  
  33  3:09  Roach  
  35  3:13  Overlord  
  35  3:22  Roach x2  
  30  3:33  Roach x2  
  34  3:39  Roach x3  
  34  3:43  Roach  
  34  3:44  Roach  
  34  3:47  Roach  
  36  4:02  Roach  
  38  4:16  Roach x3  
  36  4:22  Roach x3  
  36  4:23  Roach x4  
  40  4:39  Roach  
  36  4:46  Drone  
  35  4:57  Drone x2  
  37  5:03  Hatchery  
  36  5:18  Metabolic Boost  
  36  5:20  Queen  
  38  5:32  Overlord  
  38  5:43  Overlord  
  38  5:52  Drone x4  
  38  5:54  Zergling x2  
  43  6:02  Overlord x2  
  42  6:29  Spore Crawler  
  35  6:34  Drone x2  
  37  6:41  Drone x3  
  37  6:45  Drone  
  37  6:46  Hatchery  
  40  6:52  Drone x2  
  42  6:54  Drone  
  42  7:01  Drone x2  
  45  7:08  Drone x2  
  47  7:14  Drone x3  
  50  7:21  Queen  
  52  7:26  Evolution Chamber  
  51  7:30  Drone  
  51  7:36  Drone x4  
  56  7:48  Evolution Chamber  
  55  7:58  Zerg Melee Weapons Level 1  
  55  7:59  Overlord  
  55  8:02  Zergling x2  
  55  8:03  Zergling x12  
  62  8:08  Spore Crawler  
  62  8:09  Zergling x6  
  62  8:10  Zergling x2  
  65  8:13  Spore Crawler  
  63  8:21  Spore Crawler x2  
  63  8:23  Queen  
  58  8:35  Queen x2  
  60  8:52  Zergling x20  
  63  9:13  Drone x3  
  51  9:41  Hatchery  
  51  9:43  Hatchery  
  41  9:48  Lair, Queen  
  39  9:58  Zerg Ground Armor Level 1  
  39  9:59  Drone x6  
  45  10:00  Drone  
  45  10:01  Drone x4  
  50  10:07  Zergling x4  
  52  10:16  Spore Crawler  
  52  10:20  Zergling x2  
  52  10:21  Zergling x2  
  53  10:24  Spore Crawler, Queen  
  54  10:31  Zergling x2  
  54  10:32  Zergling x2  
  56  10:40  Spore Crawler  
  56  10:41  Zergling x4  
  57  10:49  Zergling x4, Queen  
  61  10:51  Zerg Melee Weapons Level 2  
  61  10:53  Queen  
  63  10:58  Queen  
  65  11:06  Drone  
  65  11:07  Drone x7  
  73  11:17  Zergling x2  
  73  11:18  Zergling x12  
  54  11:52  Queen  
  54  11:53  Queen x2  
  53  11:57  Hydralisk Den  
  53  11:59  Drone x12  
  66  12:04  Zerg Ground Armor Level 2  
  61  12:21  Spore Crawler  
  55  12:23  Spore Crawler  
  55  12:29  Spore Crawler  
  49  12:37  Extractor  
  49  12:38  Extractor  
  49  12:39  Queen  
  48  12:46  Spore Crawler, Queen  
  48  12:47  Queen x2  
  51  13:04  Drone x6  
  55  13:10  Hydralisk x2  
  55  13:11  Hydralisk x2  
  58  13:29  Overlord x2  
  58  13:30  Overlord  
  56  13:42  Muscular Augments  
  56  13:46  Extractor  
  56  13:47  Extractor  
  51  13:48  Zergling x12  
  51  13:49  Zergling x16  
  51  13:55  Zergling x4  
  65  14:00  Hydralisk x2  
  65  14:01  Zergling x2  
  65  14:02  Hatchery  
  64  14:10  Hydralisk x2  
  62  14:28  Drone x5  
  62  14:29  Drone  
  62  14:30  Drone x3  
  71  14:37  Queen  
  67  14:54  Hydralisk x3  
  71  15:00  Drone x3  
  71  15:01  Drone  
  71  15:03  Drone  
  71  15:04  Drone  
  77  15:24  Hydralisk x4  
  77  15:25  Overlord  
  77  15:27  Overlord  
  85  15:32  Overlord  
  85  15:33  Drone  
  85  15:34  Drone  
  86  15:42  Zerg Missile Weapons Level 1  
  86  15:49  Drone x7  
  93  15:51  Hydralisk  
  95  16:00  Overseer  
  95  16:02  Hydralisk x2  
  95  16:03  Zergling x2  
  95  16:04  Zergling x2  
  101  16:12  Zergling x2  
  101  16:13  Zergling x10  
  101  16:16  Zergling x4  
  101  16:17  Zergling x2  
  110  16:24  Roach Warren  
  110  16:25  Pneumatized Carapace  
  109  16:29  Zergling x4  
  111  16:36  Overlord x3  
  111  16:46  Spire  
  111  16:49  Extractor x2  
  111  16:52  Drone x2  
  111  16:53  Drone  
  112  16:55  Drone  
  112  16:56  Drone x4  
  112  16:57  Drone x3  
  112  16:58  Drone  
  112  16:59  Drone  
  112  17:00  Drone x2  
  124  17:03  Drone x2  
  124  17:04  Extractor  
  125  17:15  Overlord x2  
  124  17:25  Hatchery  
  119  17:38  Zergling x2  
  119  17:39  Zerg Missile Weapons Level 2, Zergling x8  
  124  17:49  Glial Reconstitution  
  123  18:00  Mutalisk  
  123  18:01  Mutalisk x12  
  123  18:02  Mutalisk  
  151  18:30  Overlord  
  151  18:31  Overlord x2  
  151  18:34  Zerg Flyer Weapons Level 1  
  151  18:52  Spine Crawler  
  151  18:53  Spine Crawler x2  
  141  19:00  Zergling x24, Hydralisk Den  
  141  19:01  Zergling x6  
  141  19:02  Hydralisk x4  
  159  19:11  Hydralisk  
  137  19:39  Overlord x3  
  88  20:03  Hydralisk x8  
  70  20:11  Hydralisk  
  70  20:12  Hydralisk  
  57  20:44  Zergling x2  
  57  20:45  Zergling x6  
  57  20:49  Zergling x8  
  65  20:53  Zergling x4  
  53  21:06  Zergling x8  
  39  21:24  Zergling x4  
  35  21:30  Zergling x2  
  31  21:34  Zergling x4  
  31  21:38  Hydralisk  
  35  21:45  Hydralisk  
  37  21:54  Hydralisk  
  37  21:59  Hydralisk  
  41  22:03  Hydralisk  
  41  22:13  Hydralisk  
  42  22:23  Zergling x2  
  42  22:24  Zergling x2  
  44  22:35  Zergling x2  
  44  22:36  Zergling x6  
  15  22:51  Zergling x2  
Show
View Real Time Build Order
Export as new Build Order

oliM Protoss - Winner!

Build Orders:  

Get SALT Encoding   

  12  0:01  Probe (Chrono Boost)  
  13  0:12  Probe (Chrono Boost)  
  14  0:20  Pylon  
  14  0:23  Probe (Chrono Boost)  
  15  0:39  Probe (Chrono Boost)  
  15  0:42  Gateway  
  16  0:49  Probe (Chrono Boost), Assimilator  
  17  1:00  Probe (Chrono Boost)  
  18  1:06  Assimilator  
  18  1:10  Probe (Chrono Boost)  
  19  1:21  Probe (Chrono Boost)  
  20  1:29  Zealot (Chrono Boost)  
  22  1:32  Cybernetics Core  
  22  1:34  Pylon  
  22  1:42  Pylon  
  22  1:53  Zealot (Chrono Boost)  
  24  2:04  Pylon  
  24  2:10  Mothership Core (Chrono Boost)  
  26  2:17  Warp Gate  
  28  2:30  Pylon  
  26  2:39  Gateway  
  25  2:51  Stargate  
  25  3:06  Pylon  
  23  3:33  Robotics Facility  
  23  3:34  Void Ray (Chrono Boost)  
  25  3:50  Stalker  
  25  3:55  Pylon  
  23  4:20  Observer (Chrono Boost)  
  22  4:50  Probe  
  23  4:55  Gateway  
  23  5:02  Void Ray (Chrono Boost)  
  27  5:10  Probe  
  28  5:17  Adept  
  30  5:22  Probe (Chrono Boost)  
  30  5:25  Observer  
  32  5:33  Probe (Chrono Boost)  
  33  5:44  Probe (Chrono Boost)  
  34  5:54  Probe (Chrono Boost)  
  35  6:18  Nexus  
  35  6:26  Sentry x2  
  35  6:28  Pylon  
  37  6:45  Gateway  
  37  6:57  Void Ray (Chrono Boost)  
  41  7:04  Probe  
  42  7:14  Zealot  
  44  7:16  Probe (Chrono Boost)  
  45  7:28  Probe (Chrono Boost)  
  46  7:38  Probe (Chrono Boost)  
  47  7:46  Adept  
  47  7:47  Adept x2  
  47  7:49  Probe (Chrono Boost)  
  54  7:53  Probe (Chrono Boost)  
  54  7:57  Observer  
  56  7:59  Probe (Chrono Boost)  
  56  8:04  Probe (Chrono Boost)  
  58  8:10  Probe (Chrono Boost)  
  59  8:14  Probe (Chrono Boost)  
  59  8:15  Adept  
  59  8:16  Adept x2  
  56  8:39  Void Ray (Chrono Boost), Probe (Chrono Boost)  
  55  8:50  Adept x3  
  60  9:03  Probe  
  61  9:13  Pylon  
  58  9:30  Probe  
  57  9:31  Probe  
  59  9:45  Probe  
  51  9:49  Pylon  
  51  9:52  Void Ray (Chrono Boost)  
  54  9:58  Pylon  
  54  10:00  Probe  
  54  10:06  Assimilator  
  55  10:07  Zealot  
  55  10:08  Zealot, Assimilator  
  55  10:09  Sentry  
  55  10:13  Probe x2 (Chrono Boost)  
  63  10:23  Probe (Chrono Boost)  
  63  10:24  Probe  
  65  10:29  Zealot  
  65  10:30  Zealot  
  65  10:34  Probe  
  69  10:36  Probe  
  71  10:44  Probe  
  71  10:48  Probe  
  73  10:55  Probe  
  74  11:00  Zealot x2, Probe  
  77  11:04  Pylon  
  77  11:05  Probe  
  77  11:10  Pylon  
  78  11:24  Pylon  
  78  11:29  Adept  
  78  11:30  Adept, Sentry  
  74  11:43  Void Ray (Chrono Boost)  
  74  11:45  Probe  
  74  11:46  Probe  
  68  11:56  Adept x3, Probe  
  68  11:57  Probe  
  76  12:03  Gateway  
  76  12:06  Pylon  
  76  12:09  Probe  
  77  12:22  Pylon  
  77  12:23  Pylon  
  77  12:25  Void Ray (Chrono Boost)  
  81  12:46  Probe  
  81  12:47  Pylon  
  81  12:48  Probe  
  83  13:00  Probe  
  83  13:01  Adept x3  
  83  13:02  Void Ray (Chrono Boost)  
  90  13:14  Pylon  
  90  13:27  Observer (Chrono Boost)  
  90  13:30  Probe  
  92  13:35  Adept x3  
  92  13:40  Probe  
  91  13:59  Adept x2  
  95  14:03  Probe  
  79  14:18  Void Ray (Chrono Boost)  
  79  14:23  Adept  
  79  14:24  Adept x2  
  75  14:28  Probe  
  74  14:35  Robotics Bay  
  74  14:36  Sentry  
  76  14:40  Nexus  
  76  14:42  Pylon  
  76  14:49  Adept x2  
  76  14:50  Adept  
  76  14:58  Probe  
  77  15:02  Immortal (Chrono Boost)  
  81  15:09  Twilight Council  
  81  15:18  Pylon  
  81  15:19  Sentry x2  
  85  15:36  Disruptor (Chrono Boost)  
  85  15:37  Blink (Chrono Boost)  
  88  15:45  Templar Archives  
  88  15:51  Forge  
  88  15:55  Gateway  
  86  16:05  Assimilator  
  86  16:07  Assimilator  
  86  16:08  Disruptor  
  89  16:16  Probe  
  90  16:18  Pylon  
  90  16:20  Stalker x3  
  90  16:23  Stalker  
  98  16:33  Protoss Ground Weapons Level 1 (Chrono Boost)  
  98  16:39  Disruptor  
  98  16:44  High Templar x3  
  98  16:46  High Templar  
  109  16:50  Probe  
  109  16:51  Archon x2  
  110  16:56  Photon Cannon  
  110  16:58  Photon Cannon  
  110  17:10  Disruptor  
  110  17:11  Gateway  
  110  17:15  Stalker  
  112  17:16  Stalker  
  112  17:17  Stalker x2  
  113  17:42  High Templar x2  
  113  17:43  Stalker x2  
  121  17:46  Archon, Adept  
  121  17:47  Nexus  
  121  17:49  Pylon, Probe  
  122  18:10  Adept x3  
  126  18:25  Stalker x2  
  130  18:30  Photon Cannon  
  130  18:31  Photon Cannon  
  130  18:32  Protoss Ground Weapons Level 2 (Chrono Boost)  
  130  18:35  Stalker  
  130  18:39  Photon Cannon  
  130  18:42  Stalker x2, Photon Cannon  
  130  18:43  Photon Cannon  
  134  19:05  Stalker x2  
  134  19:06  Stalker x2  
  141  19:18  Stalker  
  111  19:34  Stalker x3  
  76  20:11  Disruptor  
  68  20:24  Stalker x2  
  70  20:33  Probe  
  68  20:51  Nexus  
  68  20:54  Pylon  
  43  21:34  Zealot x4  
  43  21:39  High Templar  
  53  21:42  High Templar  
  53  21:46  Archon  
  55  22:24  Adept x2  
Tags
 
Add a new tag
Caveats
  • Supply blocks, unpowered buildings, or Contaminate may cause inaccurate times.
  • Supply counts are checked every 10 seconds.